 Dungeon Crawl Stone Soup version 0.27.1-34-g3ba077fa99 (webtiles) character file.

Game seed: 5573269004130556557

546 mtoz the Skirmisher (level 7, -3/44 HPs)
             Began as a Gargoyle Fighter on Jan 6, 2022.
             Slain by Sigmund (6 damage)
             ... on level 4 of the Dungeon.
             The game lasted 00:07:02 (3871 turns).

mtoz the Skirmisher (Gargoyle Fighter)              Turns: 3871, Time: 00:07:03

Health: -3/44      AC: 12    Str: 22    XL:     7   Next: 28%
Magic:  7/7        EV:  7    Int:  8    God:
Gold:   168        SH:  9    Dex:  9    Spells: 6/6 levels left

rFire    . . .     SeeInvis .   a - +0 war axe
rCold    . . .     Faith    .   c - +0 kite shield
rNeg     + . .     Spirit   .   b - +0 scale mail
rPois    ∞         Reflect  .   (no helmet)
rElec    +         Harm     .   (no cloak)
rCorr    .         Rampage  .   (no gloves)
Will     .....                  (no boots)
Stlth    ..........             (no amulet)
HPRegen  0.14/turn              (no ring)
MPRegen  0.10/turn              (no ring)

@: attractive
A: sickness immunity, AC +4, negative energy resistance 1, electricity
resistance, torment resistance 1, petrification resistance
a: no special abilities


You were on level 4 of the Dungeon.
You visited 1 branch of the dungeon, and saw 4 of its levels.

You collected 168 gold pieces.

Inventory:

Hand Weapons
 a - a +0 war axe (weapon)
Armour
 b - a +0 scale mail (worn)
 c - a +0 kite shield (worn)
Scrolls
 f - a scroll of amnesia {unknown}
 h - a scroll of enchant weapon {unknown}
 k - a scroll of summoning {unknown}
 l - a scroll of brand weapon {unknown}
 n - a scroll of enchant armour {unknown}
Potions
 d - a potion of might
 e - a potion of lignification {unknown}
 g - a potion of brilliance {unknown}
 i - a potion of curing {unknown}
 j - a potion of heal wounds {unknown}
 m - a potion of attraction


   Skills:
 * Level 5.6 Fighting
 * Level 4.1 Axes
 + Level 4.8 Armour
 + Level 4.9 Shields


You had 6 spell levels left.
You didn't know any spells.
Your spell library contained the following spells:

 Spells                   Type           Power      Damage    Failure   Level
 Static Discharge         Conj/Air       0%         N/A       99%         2
 Wereblood                Tmut           0%         N/A       99%         2
 Dispel Undead            Necr           0%         3d6       100%        4
 Sticky Flame             Conj/Fire      0%         2d3       100%        4
 Summon Hydra             Summ           0%         N/A       100%        7
 Sublimation of Blood     Necr           Unusable   N/A       N/A         2

Dungeon Overview and Level Annotations

Branches:
Dungeon (4/15)
 Temple: D:4-7

Altars:
Kikubaaqudgha

Annotations:
D:4 Sigmund


Innate Abilities, Weirdness & Mutations

You are immune to sickness and miasma.
Your stone body is resilient. (AC +4)
You are immune to poison.
You resist negative energy. (rN+)
You are resistant to electric shocks. (rElec)
You are resistant to unholy torment.
You are immune to petrification.


Message History

You barely miss Sigmund.
Sigmund is severely wounded.
Sigmund gestures at you while chanting.
The magic dart hits you but does no damage.
You hit Sigmund.
Sigmund is severely wounded.
You block Sigmund's attack.
You barely miss Sigmund.
Sigmund is severely wounded.
Sigmund hits you with a +0 scythe!
You barely miss Sigmund.
Sigmund is severely wounded.
Sigmund mumbles some strange words.
Sigmund flickers and vanishes!
Deactivating autopickup; reactivate with Ctrl-A.
You miss something. Something hits you but does no damage.
You barely miss something. Something hits you but does no damage.
You hit something but do no damage.
You hear some strange, mumbled words.
A magic dart appears from out of thin air!
The magic dart hits you. You block something's attack.
You hit something but do no damage. Something hits you but does no damage.
You closely miss something.
You hear some strange, mumbled words.
A magic dart appears from out of thin air!
The magic dart hits you.
You closely miss something. Something hits you.
* * * LOW HITPOINT WARNING * * *
You miss something. Something hits you but does no damage.
You miss something. You block something's attack.
You barely miss something. Something hits you!
* * * LOW HITPOINT WARNING * * *
You barely miss something. Something hits you.
* * * LOW HITPOINT WARNING * * *
You miss something. Something hits you but does no damage.
It was a potion of attraction.
You feel attractive to monsters. Something hits you but does no damage.
You closely miss something. Something hits you.
You die...

####### #.....#
#.....#
#....)##############
#...................
#.....##############
#.....# #..@..#
#######{###
..........#
..........#
........(.#
............#
..........#...#
........^.#."..
..........# ..#


There were no monsters in sight!

Vanquished Creatures
  Grinder (D:3)
  A water moccasin (D:4)
  A scorpion (D:4)
  A jelly (D:4)
  Natasha (twice) (D:3)
  4 adders
  2 worms (D:2)
  A dart slug (D:4)
  4 orcs (D:3)
  4 endoplasms
  5 giant cockroaches
  5 hobgoblins
  4 jackals (D:2)
  9 kobolds
  2 quokkas
  7 ball pythons
  4 bats
  3 frilled lizards (D:1)
  8 goblins
  A quokka skeleton (D:4)
  4 rats
73 creatures vanquished.

Notes
Turn   | Place    | Note
-------+----------+-------------------------------------------
     0 | D:1      | mtoz the Gargoyle Fighter began the quest for the Orb.
     0 | D:1      | Reached XP level 1. HP: 14/14 MP: 1/1
   277 | D:1      | Reached XP level 2. HP: 16/19 MP: 2/2
  1092 | D:1      | Reached XP level 3. HP: 23/23 MP: 3/3
  1096 | D:1      | Found a faded altar of an unknown god.
  1806 | D:2      | Reached XP level 4. HP: 29/29 MP: 4/4
  1810 | D:2      | Found an ancient bone altar of Kikubaaqudgha.
  2305 | D:3      | Reached skill level 4 in Fighting
  2465 | D:3      | Noticed Grinder
  2484 | D:3      | Paralysed by Grinder for 5 turns
  2490 | D:3      | Killed Grinder
  2491 | D:3      | Reached XP level 5. HP: 30/34 MP: 5/5
  2491 | D:3      | Reached XP level 6. HP: 35/40 MP: 6/6
  2675 | D:3      | Reached skill level 5 in Fighting
  2992 | D:3      | Noticed Natasha
  3001 | D:3      | Killed Natasha
  3009 | D:3      | Noticed Natasha
  3029 | D:3      | Killed Natasha
  3803 | D:4      | Noticed a water moccasin
  3808 | D:4      | Killed a water moccasin
  3809 | D:4      | Reached XP level 7. HP: 41/44 MP: 7/7
  3838 | D:4      | Noticed Sigmund
  3868 | D:4      | HP: 2/44 [something (1)]
  3871 | D:4      | Slain by Sigmund

Illustrated notes

Levels and vault maps discovered:
D:1:      dpeg_arrival_concentric_ovals, layout_basic,
          hellmonk_ecumenical_altar_inner_sanctum,
          chequers_serial_rivers_small_b, minmay_quantized
D:2:      layout_loops_cross, basic_altar, kennysheep_generic_room_3
D:3:      layout_loops_ring, roderic_roman_lattice, uniq_grinder, uniq_natasha
D:4:      layout_rooms, minmay_manual_mail, uniq_sigmund

Skill      XL: |  1  2  3  4  5  6 |
---------------+-------------------+-----
Axes           | 2 3 4 |  4.1
Fighting       | 4 5 |  5.6
Armour         | 4 |  4.8
Shields        | 4 |  4.9

Action                   |  1- 3 |  4- 6 |  7- 9 || total
-------------------------+-------+-------+-------++-------
Melee: War axe           |   159 |   120 |    26 ||   305
  Use: Potion            |       |       |     1 ||     1
Armor: Scale mail        |    94 |    69 |    10 ||   173
Dodge: Dodged            |    44 |    28 |     4 ||    76
Block: Kite shield       |    95 |    65 |     8 ||   168
